 Dungeon Crawl Stone Soup version 0.25-a0-1133-g93ebf739aa (webtiles) character file.

Game seed: 5475299832625483718, levelgen mode: deterministic

73 Error4North the Skirmisher (level 4, 0/40 HPs)
             Began as a Hill Orc Fighter on May 21, 2020.
             Slain by Sigmund
             ... wielding a +0 scythe
              (9 damage)
             ... on level 2 of the Dungeon.
             The game lasted 00:03:12 (1001 turns).

Error4North the Skirmisher (Hill Orc Fighter)       Turns: 1001, Time: 00:03:13

Health: 0/40       AC:  8    Str: 19    XL:     4   Next: 27%
Magic:  4/4        EV:  7    Int:  8    God:
Gold:   115        SH:  9    Dex: 10    Spells: 3/3 levels left

rFire    . . .     SeeInvis .   a - +0 war axe
rCold    . . .     Gourm    .   c - +0 kite shield
rNeg     . . .     Faith    .   b - +0 scale mail
rPois    .         Spirit   .   (no helmet)
rElec    .         Reflect  .   e - +0 cloak
rCorr    .         Harm     .   (no gloves)
MR       .....                  (no boots)
Stlth    ..........             h - amulet of regeneration
HPRegen  0.53/turn              (no ring)
MPRegen  0.09/turn              (no ring)

@: no status effects
A: no striking features
a: no special abilities


You were on level 2 of the Dungeon.
You were not hungry.

You visited 1 branch of the dungeon, and saw 2 of its levels.

You collected 115 gold pieces.

Inventory:

Hand Weapons
 a - a +0 war axe (weapon)
Armour
 b - a +0 scale mail (worn)
 c - a +0 kite shield (worn)
 e - a +0 cloak (worn)
Jewellery
 h - an amulet of regeneration (around neck)
Scrolls
 i - 3 scrolls of blinking {unknown}
 j - 2 scrolls of fear {unknown}
 l - a scroll of remove curse {unknown}
 m - a scroll of teleportation {unknown}
 n - a scroll of immolation {unknown}
 p - a scroll of enchant weapon {unknown}
Potions
 d - a potion of might
 k - 2 potions of heal wounds {unknown}
 o - a potion of ambrosia {unknown}
 q - a potion of mutation {unknown}
 r - a potion of haste {unknown}
 s - a potion of curing {unknown}
Comestibles
 f - 4 rations
 g - a chunk of flesh


   Skills:
 * Level 4.1 Fighting
 + Level 4.1 Axes
 * Level 3.9 Armour
 + Level 0.2 Dodging
 * Level 3.7 Shields


You had 3 spell levels left.
You didn't know any spells.
Your spell library was empty.

Dungeon Overview and Level Annotations

Branches:
Dungeon (2/15)

Altars:

Annotations:
D:2 Sigmund


Message History

You bump into the rock wall.
Something hits you but does no damage.
You closely miss something. Something hits you.
You miss something.
You feel less confused. Something hits you.
Your shield and scale mail prevent you from hitting something.
Something hits you but does no damage.
You miss something. Something hits you but does no damage.
You miss something. Something hits you.
You barely miss something. Something hits you!
* * * LOW HITPOINT WARNING * * *
You barely miss something. Something hits you but does no damage.
You slash something! You miss something.
Sigmund appears from thin air!
Reactivating autopickup.
You block Sigmund's attack.
You barely miss Sigmund.
Sigmund is heavily wounded.
Sigmund hits you with a +0 scythe!
You die...

## ... ####. ... .... $.#
##########.#######..#
≈≈≈≈≈≈≈#........@@.#
......≈#.......##..#
).....≈#.......# #..#
≈≈≈♣..≈#.......# .... .
##≈≈..≈#.......# #### .#
##≈..≈#.......# ######.##
#≈...'.......# #<.......
##≈..≈#.......# #........
##≈≈..≈#.......###......(.


You could see Sigmund.

Vanquished Creatures
  2 adders (D:2)
  An ooze (D:1)
  3 dart slugs
  A leopard gecko (D:2)
  A ball python (D:1)
  3 giant cockroaches
  4 goblins
  4 hobgoblins (D:1)
  3 jackals (D:1)
  5 bats
  A frilled lizard (D:1)
  10 kobolds
  5 rats
43 creatures vanquished.

Notes
Turn   | Place    | Note
-------+----------+-------------------------------------------
     0 | D:1      | Error4North the Hill Orc Fighter began the quest for the
                  | Orb.
     0 | D:1      | Reached XP level 1. HP: 19/19 MP: 1/1
   244 | D:1      | Reached XP level 2. HP: 27/27 MP: 2/2
   506 | D:1      | Reached XP level 3. HP: 33/33 MP: 3/3
   812 | D:2      | Reached XP level 4. HP: 40/40 MP: 4/4
   980 | D:2      | Noticed Sigmund
  1001 | D:2      | Slain by Sigmund

Illustrated notes

Levels and vault maps discovered:
D:1:      mainiacjoe_arrival_reflecting_pool, layout_rooms, minmay_hexomino_c4
D:2:      layout_rooms, first_ration, kennysheep_path_1, palyth_stone_intersect,
          uniq_sigmund

Skill      XL: |  1  2  3 |
---------------+----------+-----
Axes           | 3 4 |  4.1
Fighting       | 4 |  4.1
Armour         | |  3.9
Dodging        | |  0.2
Shields        | |  3.7

Action                   |  1- 3 |  4- 6 || total
-------------------------+-------+-------++-------
Melee: War axe           |   105 |    36 ||   141
  Eat: Chunk             |       |     1 ||     1
Armor: Scale mail        |    60 |    23 ||    83
Dodge: Dodged            |    47 |    11 ||    58
Block: Kite shield       |    63 |    11 ||    74

Table legend:
 A = Non-vault XP
 B = Vault XP
 C = Vault XP percentage of total XP
 D = Non-vault monster count
 E = Vault monster count
 F = Vault count percentage of total count
                 A         B        C        D         E       F
            +---------+---------+-------+---------+---------+-------
      Total |      97 |       8 |   7.6 |      39 |       4 |   9.3
            +---------+---------+-------+---------+---------+-------
        D:1 |      41 |       8 |  16.3 |      21 |       4 |  16.0
        D:2 |      56 |       0 |   0.0 |      18 |       0 |   0.0
            +---------+---------+-------+---------+---------+-------
